 Dungeon Crawl Stone Soup version 0.19.1-1-g22dce08 (webtiles) character file.

74 dngmouse the Firebug (level 4, -3/24 HPs)
             Began as a Deep Elf Fire Elementalist on Jan 20, 2017.
             Killed by nerve-wracking pain
             ... invoked by an orc priest
              (13 damage)
             ... on level 3 of the Dungeon.
             The game lasted 00:10:22 (2026 turns).

dngmouse the Firebug (Deep Elf Fire Elementalist)   Turns: 2026, Time: 00:10:23

Health: -3/24      AC:  2    Str:  5    XL:     4   Next: 9%
Magic:  9/10       EV: 13    Int: 21    God:
Gold:   55         SH:  0    Dex: 15    Spells: 4 memorised, 0 levels left

rFire  . . .     SeeInvis .     d - -3 short sword (curse)
rCold  . . .     Gourm    .     a - +0 robe
rNeg   . . .     Faith    .     (no shield)
rPois  .         Spirit   .     (no helmet)
rElec  .         Reflect  .     (no cloak)
rCorr  .         Harm     .     (no gloves)
MR     .....                    (no boots)
Stlth  ++........               (no amulet)
                                (no ring)
                                (no ring)

@: no status effects
A: no striking features
a: no special abilities


You were on level 3 of the Dungeon.
You were not hungry.

You visited 1 branch of the dungeon, and saw 3 of its levels.

You collected 55 gold pieces.

Inventory:

Hand Weapons
 d - a cursed -3 short sword (weapon)
 e - a +0 spear
 h - a +0 dagger of freezing
Armour
 a - a +0 robe (worn)
Jewellery
 g - an uncursed amulet of guardian spirit
Scrolls
 f - a scroll of identify
Potions
 i - a potion of magic
 j - a potion of might {unknown}
 l - a potion of mutation {unknown}
 m - a potion of curing {unknown}
 n - a potion of haste {unknown}
Books
 b - a book of Flames

   Spells                             Type                      Level
   a - Flame Tongue                   Conjuration/Fire             1
   b - Throw Flame                    Conjuration/Fire             2
   c - Conjure Flame                  Conjuration/Fire             3
   d - Inner Flame                    Hexes/Fire                   3
   e - Sticky Flame                   Conjuration/Fire             4
   f - Fireball                       Conjuration/Fire             5
Comestibles
 c - 2 bread rations
 k - a chunk of flesh


   Skills:
 - Level 2.4 Dodging
 - Level 2.4 Stealth
 - Level 3.0 Spellcasting
 + Level 3.0 Conjurations
 + Level 4.5 Fire Magic


You couldn't memorise any spells.
You knew the following spells:

 Your Spells              Type           Power        Failure   Level  Hunger
a - Flame Tongue          Conj/Fire      ###..        2%          1    None
b - Throw Flame           Conj/Fire      ###...       4%          2    ##.....
c - Conjure Flame         Conj/Fire      ###.....     10%         3    ###....
d - Inner Flame           Hex/Fire       ##......     17%         3    ###....


Dungeon Overview and Level Annotations

Branches:
Dungeon (3/15)

Altars:
Uskayaw


Message History

Magic restored.
You start resting.
HP restored.
You climb downwards.
There is a stone staircase leading up here.
The orc priest calls down the wrath of Beogh upon you.
Beogh smites you!
Ouch! That really hurt!
You see here a rat skeleton.
Casting: Flame Tongue
Confirm with . or Enter, or press ? or * to list all spells.
Aiming: Flame Tongue
Press: ? - help, Shift-Dir - straight line, f - orc priest
Aim: an orc priest, wielding a mace (lightly wounded)
The flame tongue hits the orc priest.
The orc priest is almost dead.
The orc priest mumbles some strange prayers to Beogh against you.
Pain shoots through your body!
Ouch! That really hurt!
You die...

.......## #<# #....#
#.#
#..oo##.#####.#######
#..o.##>.............
#....##.#####........
#...!# #..#####.
#....##+#####..######
#..........##@.......
#.......##.#######
#.......##o.......
#.......##[....###
#.......##.....##
#......o[.........
#.......##(####.##
#.......##.# .#
#.......##.# #


You could see an orc priest.

Vanquished Creatures
  An adder (D:2)
  3 dart slugs
  2 leopard geckos
  3 orcs (D:3)
  A ball python (D:1)
  4 bats
  A giant cockroach (D:1)
  8 goblins
  6 hobgoblins
  4 jackals (D:1)
  A frilled lizard (D:2)
  8 kobolds
  8 rats
50 creatures vanquished.

Notes
Turn   | Place    | Note
-------+----------+-------------------------------------------
     0 | D:1      | dngmouse the Deep Elf Fire Elementalist began the quest for the Orb.
     0 | D:1      | Reached XP level 1. HP: 10/10 MP: 6/6
   344 | D:1      | Reached XP level 2. HP: 15/15 MP: 6/8
   348 | D:1      | Learned a level 2 spell: Throw Flame
   883 | D:1      | Reached skill level 4 in Fire Magic
   937 | D:1      | Reached XP level 3. HP: 19/19 MP: 5/9
  1186 | D:2      | Learned a level 3 spell: Conjure Flame
  1394 | D:2      | Found a hide-covered altar of Uskayaw.
  1825 | D:3      | Reached XP level 4. HP: 20/24 MP: 5/10
  1835 | D:3      | Learned a level 3 spell: Inner Flame
  2026 | D:3      | Killed from afar by an orc priest

Skill      XL: |  1  2  3 |
---------------+----------+-----
Conjurations   | 2 3 |  3.0
Fire Magic     | 4 |  4.5
Dodging        | |  2.4
Stealth        | |  2.4
Spellcasting   | |  3.0

Action                   |  1- 3 |  4- 6 || total
-------------------------+-------+-------++-------
Melee: Short sword       |    10 |     2 ||    12
 Cast: Flame Tongue      |    61 |    10 ||    71
       Throw Flame       |     6 |       ||     6
       Conjure Flame     |     1 |     1 ||     2
  Use: Scroll            |     3 |       ||     3
  Eat: Chunk             |     3 |     1 ||     4
Armor: Robe              |     6 |       ||     6
Dodge: Dodged            |    32 |     3 ||    35
